 Dungeon Crawl Stone Soup version 0.21.1-1-g345015f (webtiles) character file.

32904 zishaf the Covert (level 13, -2/63 HPs)
             Began as a Spriggan Enchanter on May 18, 2018.
             Was a High Priest of Dithmenos.
             Killed from afar by a frost giant (27 damage)
             ... with a bolt of cold
             ... in an ice cave.
             The game lasted 01:03:51 (16530 turns).

zishaf the Covert (Spriggan Enchanter)             Turns: 16530, Time: 01:03:52

Health: -2/63      AC:  6    Str:  4    XL:     13   Next: 33%
Magic:  20/28      EV: 27    Int: 24    God:    Dithmenos [*****.]
Gold:   1031       SH:  0    Dex: 21    Spells: 8/33 levels left

rFire    . . .     SeeInvis +   u - +2 dagger (venom)
rCold    . . .     Gourm    .   (shield restricted)
rNeg     . . .     Faith    .   S - +0 steam dragon scales
rPois    .         Spirit   .   l - +1 hat {Int+3}
rElec    .         Reflect  .   (no cloak)
rCorr    +         Harm     .   (gloves unavailable)
MR       ++...                  (boots unavailable)
Stlth    +++++++++.             (no amulet)
HPRegen  0.20/turn              h - +4 ring of dexterity
MPRegen  0.21/turn              e - ring of resist corrosion

@: wreathed by umbra, very quick
A: very small, unfitting armour, see invisible, herbivore, speed 3, slow
metabolism 2
a: Shadow Step, Shadow Form, Renounce Religion


You were in an ice cave.
You worshipped Dithmenos.
Dithmenos was extremely pleased with you.
You were not hungry.

You visited 2 branches of the dungeon, and saw 14 of its levels.
You also visited: Ossuary and Ice Cave.

You collected 1031 gold pieces.

Inventory:

Hand Weapons
 a - a +2 dagger of freezing
 b - a +0 fustibalus
 u - a +2 dagger of venom (weapon)
 w - a +2 dagger of holy wrath
Missiles
 m - 293 stones (quivered)
 v - 146 sling bullets
 G - 81 arrows
Armour
 l - a +1 hat of intelligence (worn)
 S - +0 steam dragon scales (worn)
Jewellery
 e - a ring of resist corrosion (right hand)
 h - a +4 ring of dexterity (left hand)
 Q - the ring of Reimbursement {rN++ EV-2}
   (You found it on level 10 of the Dungeon)

   [ring of evasion]

   It affects your evasion (-2).
   It greatly protects you from negative energy.
Wands
 s - a wand of polymorph (7)
 x - a wand of paralysis (20)
 y - a wand of acid (4)
 E - a wand of disintegration (14)
 U - a wand of iceblast (27)
Scrolls
 j - 8 scrolls of remove curse
 q - 2 scrolls of fear
 t - 4 scrolls of teleportation
 I - 2 scrolls of blinking
 J - 4 scrolls of fog
Potions
 f - 3 potions of lignification
 k - 13 potions of curing
 r - a potion of haste
 z - a potion of berserk rage
 A - 2 potions of agility
 B - 4 potions of heal wounds
 C - 2 potions of resistance
 D - 4 potions of magic
 F - a potion of mutation
 L - 2 potions of might
 M - 2 potions of brilliance
 N - 4 potions of flight
Comestibles
 d - 19 rations


   Skills:
 - Level 5.0 Fighting
 - Level 7.0 Short Blades
 * Level 10.1 Slings
 - Level 10.0 Dodging
 - Level 12.0 Stealth
 + Level 10.5 Spellcasting
 + Level 10.5 Hexes
 - Level 10.0 Translocations
 + Level 6.8 Transmutations
 - Level 4.0 Ice Magic
 - Level 4.0 Poison Magic
 - Level 7.0 Evocations


You had 8 spell levels left.
You knew the following spells:

 Your Spells              Type           Power        Failure   Level  Hunger
a - Ensorcelled Hibernat  Hex/Ice        #####.       1%          2    None
b - Ice Form              Ice/Tmut       #####...     5%          4    None
c - Confuse               Hex            ######..     1%          3    None
d - Tukima's Dance        Hex            ######..     1%          3    None
e - Blink                 Tloc           N/A          1%          2    None
f - Sticks to Snakes      Tmut           #####...     1%          2    None
g - Spider Form           Tmut/Pois      #####.....   1%          3    None
h - Hydra Form            Tmut           #####.....   41%         6    #####..


Dungeon Overview and Level Annotations

Branches:
Dungeon (11/15)            Temple (0/1) D:6            Lair (3/6) D:11
  Swamp (0/4) Lair:2        Snake (0/4) Lair:2          Orc (0/2) D:9

Altars:
Ashenzari
Cheibriados
Dithmenos
Hepliaklqana
Kikubaaqudgha
Makhleb
Qazlal
Ru
Uskayaw
Vehumet
Wu Jian
Yredelemnul
Zin
The Shining One

Shops:
D:9 %


Innate Abilities, Weirdness & Mutations

You are very small and have problems with some larger weapons.
You are too small for most types of armour.
You have supernaturally acute eyesight. (SInv)
You are a herbivore.
You cover ground extremely quickly.
You need consume almost no food.


Message History

Confirm with . or Enter, or press ? or * to list all spells.
Aiming: Confuse
Press: ? - help, Shift-Dir - straight line, f/p - frost giant
Aim: a frost giant, wielding a battleaxe of freezing (umbra, chance to defeat MR: 26%)
The frost giant easily resists.
Casting: Confuse
Confirm with . or Enter, or press ? or * to list all spells.
Aiming: Confuse
Press: ? - help, Shift-Dir - straight line, f/p - frost giant
Aim: a frost giant, wielding a battleaxe of freezing (umbra, chance to defeat MR: 26%)
The frost giant easily resists.
Casting: Confuse
Confirm with . or Enter, or press ? or * to list all spells.
Aiming: Confuse
Press: ? - help, Shift-Dir - straight line, f/p - frost giant
Aim: a frost giant, wielding a battleaxe of freezing (umbra, chance to defeat MR: 26%)
The frost giant easily resists.
The frost giant gestures at you while chanting.
The bolt of cold hits you!
You die...

≈≈≈≈≈≈≈≈..## ≈≈≈≈≈≈≈≈≈##
############≈≈≈###
###.........#.≈≈≈≈≈#
##...........†###≈≈≈≈#
##......†###.....##≈≈≈≈#
#...#...§§$##.....####≈≈≈
#...#$§§§§§§#.......#####
#...##)§§§§##@†......#
##...###§§##........##
###...####C.......##
##............###
####.........#
########...# ###... ####


You could see a frost giant.

Vanquished Creatures
  Gastronok (D:11)
  Snorg (D:11)
  3 hydras
  3 two-headed ogres
  Erica (Lair:2)
  An unseen horror (D:11)
  The ghost of Golfball the Skirmisher, a novice HOFi (D:6)
  An ugly thing (D:11)
  A cyclops (D:11)
  2 centaur zombies
  A black mamba (Lair:2)
  The ghost of MuriloBR the Skirmisher, a novice BaFi of Wu Jian (D:5)
  6 spiny frogs
  A gargoyle (D:10)
  A torpor snail (Lair:2)
  2 rime drakes
  2 komodo dragons
  5 trolls
  The ghost of Aphrodieselac the Cleaver, an amateur HOFi (D:3)
  7 polar bears (IceCv)
  13 blink frogs
  2 dream sheep (D:11)
  3 hippogriffs
  2 wyverns
  A vampire (D:10)
  21 yaks
  3 hungry ghosts
  A basilisk (Lair:1)
  2 steam dragons
  13 water moccasins
  5 porcupines
  A sky beast (D:6)
  4 ice beasts
  6 orc warriors
  2 black bears
  A necrophage (D:11)
  2 phantoms
  13 wolves
  6 ogres
  5 centaurs
  3 crocodiles
  7 bullfrogs
  4 big kobolds (D:11)
  5 scorpions
  3 killer bees (D:7)
  2 electric eels (Lair:1)
  3 howler monkeys
  3 bullfrog zombies
  6 crimson imps
  2 quasits
  6 centaur skeletons
  4 hounds
  2 jellies
  3 orc priests
  A bullfrog skeleton (D:8)
  9 orc wizards
  An iron imp (D:9)
  3 iguanas
  5 worker ants
  2 hound zombies (D:11)
  8 mummies (Ossuary)
  2 worker ant zombies
  3 gnolls (D:3)
  13 adders
  3 shadow imps
  7 white imps
  An ooze (D:6)
  2 adder skeletons
  A worm (D:4)
  2 dart slugs
  3 leopard geckos
  26 orcs
  5 ball pythons
  8 bats
  3 giant cockroaches
  2 gnoll zombies (D:4)
  9 goblins
  6 hobgoblins
  6 jackals (D:5)
  7 kobolds
  4 quokkas
  3 frilled lizards
  3 hobgoblin zombies (Ossuary)
  5 orc zombies (Ossuary)
  2 quokka skeletons
  4 rats
  A butterfly (Lair:1)
  A fungus (D:11)
362 creatures vanquished.

Vanquished Creatures (others)
  A dancing weapon (D:3)
  A bullfrog (D:11)
  2 fungi (D:11)
  2 plants (D:11)
6 creatures vanquished.

Grand Total: 368 creatures vanquished

Notes
Turn   | Place    | Note
-------+----------+-------------------------------------------
     0 | D:1      | zishaf the Spriggan Enchanter began the quest for the Orb.
     0 | D:1      | Reached XP level 1. HP: 9/9 MP: 5/5
   135 | D:1      | Reached XP level 2. HP: 5/13 MP: 6/6
   326 | D:1      | Learned a level 2 spell: Ensorcelled Hibernation
   451 | D:1      | Reached skill level 5 in Stealth
  1223 | D:2      | Reached XP level 3. HP: 16/16 MP: 3/8
  1498 | D:2      | Found a glowing golden altar of the Shining One.
  1772 | D:3      | Found a hazy altar of Hepliaklqana.
  1806 | D:3      | Reached XP level 4. HP: 7/21 MP: 1/11
  1811 | D:3      | Reached skill level 5 in Hexes
  2072 | D:3      | Learned a level 3 spell: Confuse
  2076 | D:3      | Learned a level 3 spell: Tukima's Dance
  2271 | D:3      | Reached XP level 5. HP: 24/24 MP: 8/13
  2318 | D:3      | Reached skill level 6 in Stealth
  2814 | D:3      | Noticed Aphrodieselac's ghost (amateur HOFi)
  2950 | D:3      | Found a burning altar of Makhleb.
  2954 | D:3      | Reached skill level 5 in Spellcasting
  3039 | D:3      | Killed Aphrodieselac's ghost
  3039 | D:3      | Reached skill level 7 in Stealth
  3039 | D:3      | Reached XP level 6. HP: 11/28 MP: 4/15
  3345 | D:4      | Found a shadowy altar of Dithmenos.
  3363 | D:4      | Became a worshipper of Dithmenos the Shadowed
  3377 | D:4      | Found a glowing silver altar of Zin.
  3401 | D:4      | Reached XP level 7. HP: 32/32 MP: 13/16
  3593 | D:4      | Found a basalt altar of Yredelemnul.
  3681 | D:4      | Found a sacrificial altar of Ru.
  3851 | D:5      | Entered Level 5 of the Dungeon
  3870 | D:5      | Noticed MuriloBR's ghost (novice BaFi)
  3895 | D:5      | Killed MuriloBR's ghost
  4467 | D:5      | Reached XP level 8. HP: 27/36 MP: 11/20
  4820 | D:5      | Reached * piety under Dithmenos
  5028 | D:5      | Found an ornate altar of the Wu Jian Council.
  5110 | D:6      | Found an ancient bone altar of Kikubaaqudgha.
  5310 | D:6      | Reached skill level 1 in Fighting
  5310 | D:6      | Reached skill level 1 in Slings
  5311 | D:6      | Noticed Golfball's ghost (novice HOFi)
  5361 | D:6      | Killed Golfball's ghost
  5361 | D:6      | Reached skill level 5 in Dodging
  5501 | D:6      | Found a staircase to the Ecumenical Temple.
  5510 | D:6      | Found a hide-covered altar of Uskayaw.
  5647 | D:6      | Reached XP level 9. HP: 43/43 MP: 9/22
  6569 | D:7      | Reached skill level 8 in Stealth
  6719 | D:7      | Reached skill level 1 in Evocations
  6752 | D:7      | Reached skill level 5 in Slings
  6806 | D:7      | Reached ** piety under Dithmenos
  6806 | D:7      | Reached skill level 5 in Short Blades
  7198 | D:7      | Found a radiant altar of Vehumet.
  7333 | D:7      | Reached skill level 9 in Stealth
  7584 | D:8      | Found a sand-covered staircase.
  7607 | Ossuary  | Entered an ossuary
  7784 | Ossuary  | Reached skill level 5 in Evocations
  8113 | D:8      | Noticed a two-headed ogre
  8264 | D:8      | Killed a two-headed ogre
  8264 | D:8      | Reached XP level 10. HP: 43/49 MP: 23/23
  8710 | D:8      | Found a shattered altar of Ashenzari.
  8939 | D:9      | Found a snail-covered altar of Cheibriados.
  9065 | D:9      | Found a staircase to the Orcish Mines.
  9159 | D:9      | Found a shadowy altar of Dithmenos.
  9210 | D:9      | Noticed a two-headed ogre
  9232 | D:9      | Killed a two-headed ogre
  9232 | D:9      | Reached skill level 10 in Stealth
  9405 | D:9      | Found a stormy altar of Qazlal.
  9486 | D:9      | Reached *** piety under Dithmenos
  9771 | D:9      | Found Nunn's Food Shoppe.
 10371 | D:10     | Entered Level 10 of the Dungeon
 10642 | D:10     | Learned a level 2 spell: Blink
 10690 | D:10     | Reached skill level 10 in Dodging
 10729 | D:10     | Reached skill level 1 in Translocations
 10739 | D:10     | Reached XP level 11. HP: 39/52 MP: 8/25
 10899 | D:10     | Got a flickering ivory ring
 10901 | D:10     | Identified the cursed ring of Reimbursement {rN++ EV-2} (You found it on level 10 of the Dungeon)
 11242 | D:11     | Reached skill level 5 in Translocations
 11493 | D:11     | Noticed Gastronok
 11553 | D:11     | Killed Gastronok
 11687 | D:11     | Reached skill level 10 in Translocations
 11698 | D:11     | Learned a level 2 spell: Sticks to Snakes
 11702 | D:11     | Learned a level 3 spell: Spider Form
 11786 | D:11     | Reached skill level 1 in Transmutations
 11863 | D:11     | Noticed an unseen horror
 11875 | D:11     | Noticed Snorg
 11884 | D:11     | Noticed a two-headed ogre
 11886 | D:11     | Killed an unseen horror
 12262 | D:11     | Reached skill level 10 in Spellcasting
 12294 | D:11     | Reached skill level 10 in Hexes
 12361 | D:11     | Reached skill level 1 in Poison Magic
 12366 | D:11     | Noticed a brown ugly thing
 12372 | D:11     | Killed a brown ugly thing
 12399 | D:11     | Killed a two-headed ogre
 12399 | D:11     | Reached XP level 12. HP: 58/58 MP: 15/27
 12430 | D:11     | Killed Snorg
 12430 | D:11     | Reached skill level 5 in Transmutations
 12446 | D:11     | Noticed a three-headed hydra
 12794 | D:11     | Killed a three-headed hydra
 12806 | D:11     | Reached **** piety under Dithmenos
 12806 | D:11     | Reached skill level 11 in Stealth
 13150 | D:11     | Found a staircase to the Lair.
 13287 | Lair:1   | Entered Level 1 of the Lair of Beasts
 13439 | Lair:1   | Reached skill level 1 in Ice Magic
 13474 | Lair:1   | Reached skill level 12 in Stealth
 13801 | Lair:1   | Noticed an eight-headed hydra
 13863 | Lair:1   | Killed an eight-headed hydra
 14352 | Lair:2   | Reached ***** piety under Dithmenos
 14352 | Lair:2   | Reached skill level 5 in Fighting
 14693 | Lair:2   | Noticed Erica
 14700 | Lair:2   | Killed Erica
 14782 | Lair:2   | Found a staircase to the Snake Pit.
 14792 | Lair:2   | Reached XP level 13. HP: 61/63 MP: 22/28
 14968 | Lair:2   | Found a staircase to the Swamp.
 15490 | D:11     | Learned a level 4 spell: Ice Form
 15497 | D:11     | Learned a level 6 spell: Hydra Form
 15800 | Lair:3   | Found a frozen archway.
 16104 | IceCv    | Entered an ice cave
 16377 | IceCv    | Reached skill level 10 in Slings
 16424 | IceCv    | Noticed a frost giant
 16530 | IceCv    | Killed from afar by a frost giant

Skill      XL: |  1  2  3  4  5  6  7  8  9 10 11 12 13 |
---------------+----------------------------------------+-----
Stealth        | 5 7 9 10 12 | 12.0
Spellcasting   | 3 4 5 7 8 9 10 | 10.5
Hexes          | 4 5 6 7 8 9 10 | 10.5
Fighting       | 2 3 4 5 |  5.0
Short Blades   | 3 5 6 7 |  7.0
Slings         | 3 5 6 8 10 | 10.1
Dodging        | 5 8 10 | 10.0
Evocations     | 5 7 |  7.0
Translocations | 2 10 | 10.0
Transmutations | 4 6 |  6.8
Poison Magic   | 2 4 |  4.0
Ice Magic      | 4 |  4.0

Action                   |  1- 3 |  4- 6 |  7- 9 | 10-12 | 13-15 || total
-------------------------+-------+-------+-------+-------+-------++-------
Melee: Dagger            |    97 |    73 |   197 |   323 |    83 ||   773
       Unarmed           |       |       |       |       |    27 ||    27
 Fire: Fustibalus        |       |       |    35 |    24 |       ||    59
Throw: Stone             |       |     5 |       |       |       ||     5
 Cast: Ensorcelled Hiber |    31 |    26 |    85 |   189 |    53 ||   384
       Confuse           |       |     4 |    35 |    24 |    19 ||    82
       Tukima's Dance    |       |     1 |       |       |       ||     1
       Blink             |       |       |       |       |    10 ||    10
       Ice Form          |       |       |       |       |     2 ||     2
       Sticks to Snakes  |       |       |       |       |     2 ||     2
 Abil: End Transformatio |       |       |       |       |     2 ||     2
Evoke: Wand              |       |       |     3 |     3 |     6 ||    12
  Use: Scroll            |       |       |    12 |    12 |     3 ||    27
       Potion            |       |       |       |       |     5 ||     5
 Stab: Sleeping          |    23 |    20 |    55 |   131 |    34 ||   263
       Confused          |       |     4 |    27 |    22 |     8 ||    61
       Paralysed         |       |       |     1 |     2 |     2 ||     5
       Distracted        |       |       |       |     3 |     1 ||     4
  Eat: Ration            |       |     1 |     3 |     3 |     1 ||     8
Armor: Robe              |     8 |     4 |     5 |     2 |       ||    19
       Steam dragon scal |       |       |       |    10 |     6 ||    16
       Skin              |       |       |       |       |     6 ||     6
Dodge: Dodged            |    62 |    41 |   103 |   224 |   169 ||   599
